 Dungeon Crawl Stone Soup version 0.25-a0-815-gab441bd002 (webtiles) character file.

Game seed: 550532970624451661, levelgen mode: deterministic

92885 htime the Unseen (level 15, -5/78 HPs)
             Began as a Spriggan Enchanter on Apr 20, 2020.
             Was a High Priest of Dithmenos.
             Slain by a six-headed hydra (7 damage)
             ... on level 3 of the Swamp.
             The game lasted 03:49:09 (38492 turns).

htime the Unseen (Spriggan Enchanter)              Turns: 38492, Time: 03:49:09

Health: -5/78      AC:  9    Str:  4    XL:     15   Next: 59%
Magic:  10/31      EV: 33    Int: 25    God:    Dithmenos [*****.]
Gold:   1678       SH:  0    Dex: 21    Spells: 5/37 levels left

rFire    . . .     SeeInvis +   M - +4 dagger
rCold    . . .     Gourm    .   (shield restricted)
rNeg     . . .     Faith    .   C - +0 steam dragon scales
rPois    .         Spirit   .   n - +2 hat
rElec    .         Reflect  .   q - +1 cloak
rCorr    .         Harm     .   (gloves unavailable)
MR       ++...                  (boots unavailable)
Stlth    ++++++++++             R - amulet of the acrobat
HPRegen  0.23/turn              D - +6 ring of intelligence
MPRegen  0.22/turn              W - ring of wizardry

@: confusing touch, wreathed by umbra, very quick
A: very small, unfitting armour, see invisible, herbivore, speed 3, slow
metabolism 2
a: Shadow Step, Shadow Form, Renounce Religion


You were on level 3 of the Swamp.
You worshipped Dithmenos.
Dithmenos was extremely pleased with you.
You were not hungry.

You visited 6 branches of the dungeon, and saw 28 of its levels.

You collected 2736 gold pieces.
You spent 1058 gold pieces at shops.

Inventory:

Hand Weapons
 u - a +0 rapier
 E - a +3 dagger of flaming
 J - a +1 dagger of speed
 M - a +4 dagger (weapon)
Missiles
 o - 537 arrows
 p - 269 stones (quivered)
 G - 5 curare-tipped darts
 H - 29 poisoned darts
Armour
 n - a +2 hat (worn)
 q - a +1 cloak (worn)
 C - +0 steam dragon scales (worn)
Jewellery
 m - an uncursed amulet of magic regeneration
 D - a +6 ring of intelligence (left hand)
 L - an uncursed amulet of regeneration
 N - a +4 ring of dexterity
 P - an uncursed ring of flight
 R - an amulet of the acrobat (around neck)
 W - a ring of wizardry (right hand)
Wands
 i - a wand of digging (5)
 s - a wand of iceblast (26)
 z - a wand of clouds (14)
 K - a wand of flame (20)
 O - a wand of random effects (16)
 T - a wand of disintegration (12)
 V - a wand of enslavement (7)
Scrolls
 e - 8 scrolls of remove curse
 f - 2 scrolls of magic mapping
 l - 6 scrolls of teleportation
 t - 3 scrolls of amnesia
 x - 3 scrolls of enchant armour
 y - 2 scrolls of enchant weapon
 B - 3 scrolls of fear
 F - 5 scrolls of fog
 Q - 7 scrolls of identify
 Z - a scroll of summoning
Potions
 a - a potion of ambrosia
 b - 2 potions of haste {unknown}
 c - 2 potions of magic
 g - 5 potions of stabbing
 h - 2 potions of flight
 j - a potion of heal wounds
 r - 7 potions of brilliance
 w - 3 potions of invisibility
 I - 11 potions of curing
 U - a potion of cancellation
 Y - 2 potions of might
Miscellaneous
 k - a phial of floods
 A - a lightning rod (4/4)
 X - 2 phantom mirrors
Comestibles
 d - 20 rations


   Skills:
 + Level 8.9 Fighting
 - Level 9.0 Short Blades
 - Level 14.9 Dodging
 + Level 16.8 Stealth
 + Level 11.7 Spellcasting
 - Level 15.2 Hexes
 - Level 8.3 Summonings
   Level 3.0 Necromancy
 + Level 7.5 Evocations


You had 5 spell levels left.
You knew the following spells:

 Your Spells              Type           Power        Failure   Level  Hunger
a - Corona                Hex            ######.      0%          1    None
b - Call Canine Familiar  Summ           ######..     1%          3    None
c - Ensorcelled Hibernat  Hex/Ice        ######       1%          2    None
d - Dazzling Flash        Conj/Hex       ######       1%          3    None
e - Confusing Touch       Hex            ######..     0%          3    None
f - Metabolic Englaciati  Hex/Ice        ######....   1%          5    ###....
g - Tukima's Dance        Hex            ######..     0%          3    None
h - Shroud of Golubria    Chrm/Tloc      ##....       2%          2    None
i - Summon Butterflies    Summ           ######..     1%          1    None
s - Summon Lightning Spi  Summ/Air       #####...     3%          4    None
v - Summon Mana Viper     Hex/Summ       ######..     1%          5    ###....

Your spell library contained the following spells:

 Spells                   Type           Power        Failure   Level  Hunger
 Animate Skeleton         Necr           N/A          1%          1    None
 Foxfire                  Conj/Fire      ##..         1%          1    None
 Pain                     Necr           ####         1%          1    None
 Sting                    Tmut/Pois      ##..         1%          1    None
 Summon Small Mammal      Summ           ####         1%          1    None
 Call Imp                 Summ           ######..     1%          2    None
 Corpse Rot               Necr/Air       N/A          1%          2    None
 Inner Flame              Hex/Fire       ######..     1%          3    None
 Summon Guardian Golem    Hex/Summ       ######..     1%          3    None
 Vampiric Draining        Necr           ####......   1%          3    None
 Blink                    Tloc           N/A          2%          2    None
 Poisonous Vapours        Pois/Air       ##....       2%          2    None
 Swiftness                Chrm/Air       ##......     2%          2    None
 Summon Ice Beast         Ice/Summ       #####...     3%          4    None
 Conjure Flame            Conj/Fire      ##......     4%          3    None
 Gell's Gravitas          Tloc           ##........   4%          3    None
 Ignite Poison            Fire/Tmut/Pois ##......     4%          3    None
 Lesser Beckoning         Tloc           ##........   4%          3    None
 Mephitic Cloud           Conj/Pois/Air  ##......     4%          3    None
 Teleport Other           Tloc           ##......     4%          3    None
 Animate Dead             Necr           N/A          4%          4    None
 Agony                    Necr           ####....     13%         5    ###....
 Airstrike                Air            ##........   16%         4    None
 Ice Form                 Ice/Tmut       ##......     16%         4    None
 Olgreb's Toxic Radiance  Pois           ##......     16%         4    None
 Passage of Golubria      Tloc           N/A          16%         4    None
 Sticky Flame             Conj/Fire      ##......     16%         4    None
 Bolt of Magma            Conj/Fire/Erth ##........   41%         5    ###....
 Fireball                 Conj/Fire      ##........   41%         5    ###....
 Iskenderun's Battlesphe  Conj/Chrm      ##......     41%         5    ###....
 Summon Hydra             Summ           ######....   41%         7    ######.
 Simulacrum               Ice/Necr       ###.......   77%         6    #####..
 Freezing Cloud           Conj/Ice/Air   ##........   91%         6    #####..
 Iron Shot                Conj/Erth      ##........   91%         6    #####..
 Ozocubu's Refrigeration  Ice            ##........   91%         6    #####..
 Spellforged Servitor     Conj/Summ      #####.....   91%         7    ######.
 Orb of Destruction       Conj           ##........   100%        7    ######.
 Ring of Flames           Chrm/Fire      ##........   100%        7    ######.


Dungeon Overview and Level Annotations

Branches:
Dungeon (15/15)            Temple (1/1) D:4            Lair (6/6) D:10
  Swamp (3/4) Lair:2       Spider (1/4) Lair:2        Slime (0/5) Lair:6
    Orc (2/2) D:12            Elf (0/3) Orc:2        Vaults (0/5) D:13
 Depths (0/5) D:15

Altars:
Ashenzari
Cheibriados
Dithmenos
Elyvilon
Fedhas
Gozag
Hepliaklqana
Kikubaaqudgha
Makhleb
Nemelex Xobeh
Okawaru
Qazlal
Ru
Sif Muna
Trog
Uskayaw
Vehumet
Wu Jian
Xom
Yredelemnul
Zin
The Shining One
Jiyva

Shops:
D:7 =   D:15 :**?   Orc:1 (   Orc:2 ([(*[

Annotations:
D:8 exclusion: downstairs
D:15 1 runed translucent door
Lair:3 exclusion: catoblepas
Lair:6 3 runed translucent doors, 2 transporters, exclusion: dream sheep, Niffitaf's ghost, journeyman NaWn
Spider:1 Roxanne


Innate Abilities, Weirdness & Mutations

You are very small and have problems with some larger weapons.
You are too small for most types of armour.
You have supernaturally acute eyesight. (SInv)
You are a herbivore.
You cover ground extremely quickly.
You need to consume almost no food.


Message History

The spriggan rider completely misses you.
The swamp worm fires a harpoon shot at you.
The harpoon shot misses you.
The tyrant leech bites the hog!!
The tyrant leech draws strength from the hog's injuries!
The tyrant leech bites itself!!
The spriggan rider barely misses you. The six-headed hydra misses you.
The six-headed hydra completely misses you.
The six-headed hydra barely misses you. The six-headed hydra bites you.
The six-headed hydra completely misses you.
The six-headed hydra misses you.
There is a stone staircase leading up, spattered with blood here.
You can't go down here!
The spriggan rider hits you from afar with a cursed -3 spear!!
* * * LOW HITPOINT WARNING * * *
You emit a cloud of dark smoke.
The spiny frog stings you.
* * * LOW HITPOINT WARNING * * *
The six-headed hydra bites you!
* * * LOW HITPOINT WARNING * * *
The six-headed hydra barely misses you. x2; The six-headed hydra bites you!
You die...

♣.§≈≈≈ ♣≈≈≈≈≈ ♣♣♣♣
♣.≈≈≈≈ ♣.≈♣♣♣ ♣♣..≈≈≈
♣♣...§♣♣♣≈..≈≈≈ .
♣♣≈.≈≈...♣.≈≈≈≈≈ ≈.
♣♣♣.≈≈≈≈≈...≈≈≈≈≈≈ ≈.F
♣§♣.≈≈≈≈≈...≈≈≈≈≈≈ ♣..≈
♣@Fi..≈≈≈...≈≈≈≈≈≈ ♣≈.§
♣wD≈≈≈≈..♣.≈≈≈≈≈.≈
♣♣≈i.♣≈i≈≈...≈.≈≈≈≈≈.♣≈
♣..≈.Dh≈≈..♣.≈≈≈≈≈≈≈.♣♣
.≈≈≈≈≈F♣♣♣♣♣♣♣.≈≈≈≈≈≈.♣♣
≈.≈♣♣♣w ♣♣..≈.≈..≈≈ ≈ ≈.
♣♣≈...♣♣♣. ... ♣≈..≈♣♣ ♣
≈≈≈. ♣.≈..♣ ♣♣♣


You could see a six-headed hydra, a swamp dragon, a tyrant leech (confused), a
spriggan rider, a spriggan druid, 2 spiny frogs, a swamp worm and a hog.

Vanquished Creatures
  A thorn hunter (Swamp:2)
  A catoblepas (D:14)
  6 hydras
  A shambling mangrove (Swamp:1)
  2 alligators (Swamp:1)
  4 centaur warriors
  9 two-headed ogres
  A tengu warrior (D:13)
  A fire crab (Lair:6)
  Nergalle (D:10)
  2 skeletal warriors (D:15)
  3 unseen horrors
  2 deep trolls (Orc:2)
  A golden dragon zombie (D:15)
  A wizard (D:13)
  A phantasmal warrior (D:15)
  5 cyclopes
  A necromancer (D:15)
  3 wolf spiders
  2 orc knights
  8 ugly things
  2 manticores (D:13)
  9 black mambas
  A molten gargoyle (Lair:6)
  4 torpor snails
  2 guardian serpents (D:9)
  9 spiny frogs
  Maggie (Lair:2)
  2 rime drakes
  3 kobold demonologists
  7 komodo dragons
  A tengu conjurer (D:13)
  13 trolls
  4 hornets
  7 tyrant leeches
  A bog body (Swamp:2)
  10 hippogriffs
  19 blink frogs
  A meliai zombie (D:13)
  3 slime creatures
  Sigmund (D:6)
  An ettin skeleton (D:15)
  61 yaks
  2 shadows
  A human (shapeshifter) (D:13)
  A vampire (D:14)
  A water elemental (D:15)
  7 wyverns
  A tarantella (Lair:2)
  Eustachio (D:4)
  5 basilisks
  A wraith (D:14)
  13 vampire mosquitoes
  2 steam dragons
  5 hungry ghosts
  Edmund (D:6)
  2 wargs
  11 swamp worms
  2 hell hounds (Lair:6)
  11 water moccasins
  4 porcupines
  23 orc warriors
  3 swamp drakes
  4 sky beasts
  4 ice beasts
  4 black bears
  2 necrophages
  23 ogres
  A phantom (D:5)
  16 centaurs
  7 wolves
  9 crocodiles
  A big kobold (D:11)
  14 bullfrogs
  Blork the orc (D:6)
  A wyvern skeleton (D:13)
  5 killer bees (D:11)
  3 scorpions
  3 howler monkeys
  An electric eel (Lair:2)
  2 bullfrog zombies
  6 crimson imps
  6 lava snakes
  6 jellies
  20 orc wizards
  A centaur zombie (D:6)
  10 orc priests
  8 hounds
  5 iguanas
  A bullfrog skeleton (D:9)
  5 centaur skeletons
  19 worker ants
  2 killer bee zombies (D:7)
  A worker ant zombie (D:10)
  18 adders
  A howler monkey skeleton (D:7)
  4 shadow imps
  A white imp (D:14)
  An adder zombie (D:10)
  A worm (D:5)
  3 adder skeletons
  2 dart slugs
  5 leopard geckos
  73 orcs
  2 ball pythons
  7 bats
  A goblin (D:2)
  A hobgoblin (D:3)
  21 jackals
  10 kobolds
  3 quokkas
  6 frilled lizards
  A jackal skeleton (D:7)
  2 leopard gecko skeletons
  2 quokka skeletons
  8 rats
  A fungus (Lair:6)
680 creatures vanquished.

Vanquished Creatures (collateral kills)
  A stone giant (Orc:1)
  2 ogre magi (Orc:2)
  A hydra (Swamp:2)
  Erica (D:10)
  3 two-headed ogres
  A spriggan druid (Swamp:2)
  2 swamp dragons
  An orc knight (Orc:1)
  A necromancer (D:13)
  An orc sorcerer (Orc:2)
  An iron dragon skeleton (D:15)
  A molten gargoyle (Lair:6)
  2 black mambas (Lair:6)
  2 spiny frogs
  2 ice statues (Swamp:1)
  A centaur skeleton (D:13)
  A freezing wraith (D:14)
  A yaktaur skeleton (D:15)
  A tyrant leech (Swamp:3)
  A hornet (Swamp:1)
  6 blink frogs
  2 bog bodies (Lair:2)
  7 slime creatures
  A hippogriff (Lair:6)
  A spriggan (Swamp:1)
  A steam dragon (Lair:6)
  11 vampire mosquitoes
  A warg (Orc:2)
  A swamp worm (Swamp:3)
  6 insubstantial wisps (Swamp:1)
  A hell hound (Lair:6)
  An orc warrior (Orc:1)
  3 swamp drakes
  2 centaurs
  3 crimson imps
  An orc priest (Orc:1)
  An orc wizard (Orc:2)
  2 shadow imps (D:14)
  A white imp (D:14)
  An orc (Orc:2)
  3 kobolds (D:14)
83 creatures vanquished.

Vanquished Creatures (others)
  A kobold (D:14)
  2 bushes (Lair:6)
  8 fungi
  3 plants
14 creatures vanquished.

Grand Total: 777 creatures vanquished

Notes
Turn   | Place    | Note
-------+----------+-------------------------------------------
     0 | D:1      | htime the Spriggan Enchanter began the quest for the Orb.
     0 | D:1      | Reached XP level 1. HP: 9/9 MP: 5/5
   585 | D:1      | Reached XP level 2. HP: 12/13 MP: 7/7
   590 | D:1      | Learned a level 2 spell: Ensorcelled Hibernation
   891 | D:2      | Reached skill level 5 in Stealth
  1028 | D:2      | Found an iron altar of Okawaru.
  1059 | D:2      | Found a sparkling altar of Nemelex Xobeh.
  1145 | D:2      | Reached XP level 3. HP: 14/16 MP: 1/8
  1253 | D:2      | Found a glowing golden altar of the Shining One.
  2692 | D:4      | Reached XP level 4. HP: 17/21 MP: 11/11
  2785 | D:4      | Reached skill level 6 in Stealth
  3158 | D:4      | Reached skill level 5 in Hexes
  3158 | D:4      | Reached XP level 5. HP: 24/24 MP: 7/12
  3344 | D:4      | Learned a level 3 spell: Confusing Touch
  3440 | D:4      | Noticed Eustachio
  3485 | D:4      | Killed Eustachio
  3485 | D:4      | Reached skill level 7 in Stealth
  3485 | D:4      | Reached skill level 5 in Spellcasting
  3485 | D:4      | Reached XP level 6. HP: 24/28 MP: 6/14
  3558 | D:4      | Found a stormy altar of Qazlal.
  3582 | D:4      | Found a staircase to the Ecumenical Temple.
  3607 | Temple   | Entered the Ecumenical Temple
  3997 | D:5      | Entered Level 5 of the Dungeon
  4039 | D:5      | Reached skill level 8 in Stealth
  4039 | D:5      | Reached XP level 7. HP: 32/32 MP: 3/16
  4807 | D:5      | Found a white marble altar of Elyvilon.
  5024 | D:5      | Reached skill level 9 in Stealth
  5837 | D:6      | Noticed Blork the orc
  5846 | D:6      | Killed Blork the orc
  5846 | D:6      | Reached XP level 8. HP: 36/36 MP: 19/19
  5926 | D:6      | Reached skill level 10 in Stealth
  6478 | D:6      | Noticed Edmund
  6478 | D:6      | Noticed Sigmund
  6482 | D:6      | Killed Sigmund
  6527 | D:6      | Killed Edmund
  6527 | D:6      | Reached skill level 11 in Stealth
  7110 | D:7      | Noticed a hippogriff
  7114 | D:7      | Killed a hippogriff
  7114 | D:7      | Reached XP level 9. HP: 39/39 MP: 22/22
  7479 | D:7      | Reached skill level 12 in Stealth
  7584 | D:7      | Found Iteotoek's Jewellery Emporium.
  8391 | D:8      | Identified the Incunabulum of the Blaze and Lightness
  8685 | D:8      | Reached skill level 10 in Hexes
  8905 | D:8      | Found a shimmering blue altar of Sif Muna.
  9188 | D:9      | Noticed a guardian serpent
  9364 | D:9      | Reached skill level 10 in Spellcasting
  9372 | D:9      | Noticed a two-headed ogre
  9787 | D:9      | Killed a two-headed ogre
  9787 | D:9      | Reached skill level 13 in Stealth
  9787 | D:9      | Reached XP level 10. HP: 43/43 MP: 19/25
  9816 | D:9      | Killed a guardian serpent
  9863 | D:9      | Learned a level 3 spell: Tukima's Dance
  9872 | D:9      | Learned a level 4 spell: Summon Lightning Spire
  9876 | D:9      | Learned a level 3 spell: Dazzling Flash
  9888 | D:9      | Noticed a guardian serpent
  9894 | D:9      | Killed a guardian serpent
  9910 | D:9      | Reached skill level 1 in Summonings
 10031 | D:9      | Found a shadowy altar of Dithmenos.
 10542 | D:9      | Became a worshipper of Dithmenos the Shadowed
 10569 | D:10     | Entered Level 10 of the Dungeon
 10600 | D:10     | Reached skill level 14 in Stealth
 10693 | D:10     | Noticed Nergalle
 10701 | D:10     | Killed Nergalle
 10769 | D:10     | Noticed Erica
 10776 | D:10     | Noticed an unseen horror
 10784 | D:10     | Killed an unseen horror
 11020 | D:10     | Found a shimmering altar of Xom.
 11020 | D:10     | Found a shimmering altar of Xom.
 11025 | D:10     | Found a staircase to the Lair.
 11038 | D:10     | Found a shimmering altar of Xom.
 11065 | Lair:1   | Entered Level 1 of the Lair of Beasts
 11384 | Lair:1   | Noticed a black mamba
 11971 | D:10     | Found a shimmering altar of Xom.
 11971 | D:10     | Found a shimmering altar of Xom.
 11971 | D:10     | Found a shimmering altar of Xom.
 12085 | D:10     | Noticed an orb spider
 12085 | D:10     | a blink frog changed into an orb spider
 12154 | D:10     | Killed Erica
 12695 | D:11     | Noticed a brown ugly thing
 12702 | D:11     | Reached XP level 11. HP: 46/46 MP: 23/26
 12709 | D:11     | Killed a brown ugly thing
 13000 | D:11     | Reached * piety under Dithmenos
 13000 | D:11     | Reached skill level 15 in Stealth
 13005 | D:11     | Reached skill level 5 in Short Blades
 14150 | D:12     | Reached ** piety under Dithmenos
 14266 | D:12     | Found a staircase to the Orcish Mines.
 14567 | D:12     | Found a viscous altar of Jiyva.
 14909 | D:12     | Reached skill level 5 in Dodging
 15151 | D:12     | Noticed a two-headed ogre
 15152 | D:12     | Noticed a green ugly thing
 15155 | D:12     | Killed a two-headed ogre
 15155 | D:12     | Reached skill level 5 in Summonings
 15160 | D:12     | Killed a green ugly thing
 15300 | D:12     | Learned a level 3 spell: Call Canine Familiar
 15577 | Lair:1   | Reached XP level 12. HP: 51/51 MP: 21/27
 16046 | Lair:2   | Found a hole to the Spider Nest.
 16177 | Lair:2   | Noticed Maggie
 16185 | Lair:2   | Killed Maggie
 16270 | Lair:2   | Reached *** piety under Dithmenos
 16621 | Lair:2   | Found a staircase to the Swamp.
 17161 | Lair:2   | You fall into a shaft and drop 2 floors!
 18150 | Lair:3   | Noticed a five-headed hydra
 18156 | Lair:3   | Killed a five-headed hydra
 18263 | Lair:3   | Noticed a catoblepas
 19453 | Lair:5   | Noticed an eight-headed hydra
 19584 | Lair:5   | Reached skill level 1 in Fighting
 19599 | Lair:5   | Reached **** piety under Dithmenos
 19599 | Lair:5   | Reached skill level 10 in Dodging
 19843 | Lair:5   | Killed an eight-headed hydra
 19843 | Lair:5   | Reached XP level 13. HP: 54/58 MP: 15/28
 19957 | Lair:5   | Learned a level 5 spell: Metabolic Englaciation
 20023 | Lair:5   | Found a snail-covered altar of Cheibriados.
 20780 | Lair:6   | Entered Level 6 of the Lair of Beasts
 21569 | Lair:6   | Found a runed translucent door.
 21569 | Lair:6   | Noticed an acid blob
 21572 | Lair:6   | Found a viscous altar of Jiyva.
 21573 | Lair:6   | Found a staircase to the Slime Pits.
 21573 | Lair:6   | Noticed an acid blob
 22736 | Lair:6   | Found a transporter.
 22745 | Lair:6   | Noticed Niffitaf's ghost (journeyman NaWn)
 22766 | Lair:6   | Found a transporter.
 23091 | Lair:6   | Reached skill level 15 in Hexes
 23240 | Lair:6   | Noticed a fire dragon
 23375 | Lair:6   | Found a large runed translucent door.
 23375 | Lair:6   | Found a large runed translucent door.
 24317 | D:12     | Learned a level 4 spell: Animate Dead
 24394 | D:13     | Reached skill level 1 in Necromancy
 24649 | D:13     | Reached XP level 14. HP: 62/67 MP: 22/29
 24660 | D:13     | Reached skill level 5 in Fighting
 25243 | D:13     | Found a gate to the Vaults.
 27627 | D:15     | Entered Level 15 of the Dungeon
 27636 | D:15     | Found a staircase to the Depths.
 27764 | D:15     | Found Usiel's Magic Scroll Boutique.
 28375 | D:15     | Found Tedwoqiu's Assorted Antiques.
 28440 | D:15     | Learned a level 2 spell: Shroud of Golubria
 28549 | D:15     | Found a white marble altar of Elyvilon.
 28549 | D:15     | Noticed an angel
 28550 | D:15     | Found a runed translucent door.
 28579 | D:15     | Found Xawezuur's Assorted Antiques.
 28586 | D:15     | Bought a runed dagger for 165 gold pieces
 28586 | D:15     | Bought a potion of heal wounds for 165 gold pieces
 28655 | D:15     | Found Zoasud's Book Boutique.
 28749 | D:15     | Reached skill level 1 in Evocations
 28909 | D:15     | Bought a scroll of acquirement for 728 gold pieces
 28929 | D:15     | Learned a level 5 spell: Summon Mana Viper
 28936 | D:15     | Learned a level 1 spell: Summon Butterflies
 29155 | Orc:1    | Entered Level 1 of the Orcish Mines
 30289 | Orc:2    | Entered Level 2 of the Orcish Mines
 30289 | Orc:2    | Found a staircase to the Elven Halls.
 30469 | Orc:2    | Noticed a stone giant
 30491 | Orc:2    | Paralysed by an orc sorcerer for 5 turns
 30814 | Orc:1    | Killed a stone giant
 30814 | Orc:1    | Reached ***** piety under Dithmenos
 31124 | Orc:2    | Found Hosog's Antique Weapon Shoppe.
 31140 | Orc:2    | Found a burning altar of Makhleb.
 31221 | Orc:2    | Found Bog Xeu's Assorted Antiques.
 31222 | Orc:2    | Found Tasosut's Armour Shop.
 31850 | Orc:1    | Found Miafyrphosek's Weapon Boutique.
 32433 | Orc:2    | Reached XP level 15. HP: 77/77 MP: 20/30
 32915 | Orc:2    | Reached skill level 5 in Evocations
 33122 | Orc:2    | Reached skill level 16 in Stealth
 33128 | Orc:2    | Found Kamadoren's Armour Emporium.
 33133 | Orc:2    | Found Qecog's Weapon Boutique.
 33506 | Spider:1 | Entered Level 1 of the Spider Nest
 33506 | Spider:1 | Identified Roxanne's Grimoire of the Rocks
 33506 | Spider:1 | Noticed Roxanne
 33710 | Swamp:1  | Entered Level 1 of the Swamp
 37732 | Swamp:2  | Noticed a thorn hunter
 37737 | Swamp:2  | Killed a thorn hunter
 38492 | Swamp:3  | HP: 2/78 [six-headed hydra (13)]
 38492 | Swamp:3  | Slain by a six-headed hydra

Levels and vault maps discovered:
D:1:      dpeg_arrival_round_c, layout_loops_ring
D:2:      layout_loops_ring, nemelex_xobeh_ov_fountains_minmay,
          okawaru_gym_becter, tso_metal_star, first_ration
D:3:      layout_basic
D:4:      layout_basic, grunt_qazlal_clouds, minmay_temple_entry_water_ring,
          minmay_misc_feat_tower, uniq_eustachio
D:5:      layout_basic, elyvilon_altar_3
D:6:      layout_basic, uniq_edmund, uniq_sigmund, uniq_blork_the_orc
D:7:      layout_basic, minmay_shop_enchanted_jewellery, corner_web_ring,
          nrook_mini_vaults, grunt_ogre_cave
D:8:      layout_basic, marbit_many_paths
D:9:      nrook_guardian_serpent_snake_passage, layout_cave_pools,
          kennysheep_mini_moat, nicolae_two_hexagons
D:10:     layout_irregular_city, lair_entry_dummy, kennysheep_decorative_pillar,
          xom_shifter_show, uniq_nergalle, uniq_erica
D:11:     layout_roguey
D:12:     layout_basic, david_orc_3, jiyva_altar_1
D:13:     layout_loops_cross, david_vaults_1
D:14:     layout_cross, fountainhead, minmay_nine_imps
D:15:     gammafunk_depths_entry_grave, layout_cave_pods, serial_shops,
          nicolae_shop_behind_doors, nicolae_shop_waterfront,
          nicolae_shop_waterfront, shop_fountains, minmay_misc_feat_chi,
          lemuel_angel_altar
Temple:   nicolae_temple_x_marks_the_god
Lair:1:   layout_long_grid
Lair:2:   layout_loops_ring, nicolae_swamp_entry_splash_gauntlet,
          spider_nest_entry_rubble, lemuel_fruit_tree, grunt_megastairs_4,
          uniq_maggie
Lair:3:   layout_big_grid
Lair:4:   layout_cave_pods, grunt_megastairs_5
Lair:5:   layout_layer_cave, kennysheep_snail_temple
Lair:6:   cheibrodos_lair_end_hotspot, layout_small_grid, slime_altar_2,
          gammafunk_ghost_berserking_beasts, st_stairs_13
Swamp:1:  layout_basic_swamp, portal_ice_cave_entry_ice_statue_two,
          evilmike_swamp_ruin_rubble_1
Swamp:2:  layout_basic_swamp, evilmike_swamp_ruin_house_1
Swamp:3:  layout_basic_swamp, evilmike_swamp_ruin_house_4, swamp_pool1,
          uniq_kirke
Spider:1: cheibrodos_forgotten_conduit, nicolae_spider_webs_and_nodes,
          uniq_roxanne, uniq_asterion
Orc:1:    layout_caves, serial_shops, shop
Orc:2:    st_orc_open, layout_diamond_mine, basic_altar, serial_shops,
          nicolae_shop_statue_plus

Skill      XL: |  1  2  3  4  5  6  7  8  9 10 11 12 13 14 15 |
---------------+----------------------------------------------+-----
Spellcasting   | 3 4 5 7 8 10 11 | 11.7
Hexes          | 4 5 6 7 8 10 11 13 14 15 | 15.2
Stealth        | 5 6 7 8 9 11 13 14 15 16 | 16.8
Summonings     | 3 5 7 8 |  8.3
Short Blades   | 4 7 9 |  9.0
Dodging        | 6 10 12 14 | 14.9
Fighting       | 1 4 7 8 |  8.9
Necromancy     | 1 3 |  3.0
Evocations     | 4 7 |  7.5

Action                   |  1- 3 |  4- 6 |  7- 9 | 10-12 | 13-15 || total
-------------------------+-------+-------+-------+-------+-------++-------
Melee: Dagger            |   109 |    40 |   239 |   313 |   708 ||  1409
       Rapier            |    19 |    12 |       |       |       ||    31
Throw: Stone             |       |       |       |     1 |     4 ||     5
       Dart              |       |       |       |       |     3 ||     3
 Cast: Ensorcelled Hiber |    15 |    24 |    84 |   169 |   442 ||   734
       Confusing Touch   |       |     2 |    16 |    29 |    58 ||   105
       Tukima's Dance    |       |       |       |     3 |     2 ||     5
       Dazzling Flash    |       |       |       |     4 |     4 ||     8
       Summon Lightning  |       |       |       |     2 |    17 ||    19
       Call Canine Famil |       |       |       |     1 |    37 ||    38
       Summon Mana Viper |       |       |       |       |    59 ||    59
       Summon Butterflie |       |       |       |       |     1 ||     1
Invok: Shadow Step       |       |       |       |     2 |    11 ||    13
  Use: Scroll            |       |       |     3 |    20 |     9 ||    32
       Potion            |       |       |       |     1 |    16 ||    17
 Stab: Sleeping          |    22 |    18 |    72 |   159 |   289 ||   560
       Confused          |       |     2 |    14 |    23 |    44 ||    83
       Distracted        |       |       |     1 |     1 |     2 ||     4
       Invisible         |       |       |       |     3 |     3 ||     6
  Eat: Ration            |       |     1 |     2 |     5 |    13 ||    21
Armor: Robe              |    23 |     6 |    18 |    13 |       ||    60
       Steam dragon scal |       |       |       |     3 |    44 ||    47
Dodge: Dodged            |   106 |    35 |   127 |   186 |   883 ||  1337

Table legend:
 A = Non-vault XP
 B = Vault XP
 C = Vault XP percentage of total XP
 D = Non-vault monster count
 E = Vault monster count
 F = Vault count percentage of total count
                 A         B        C        D         E       F
            +---------+---------+-------+---------+---------+-------
      Total |   99185 |   33508 |  25.3 |     639 |     123 |  16.1
            +---------+---------+-------+---------+---------+-------
        D:1 |      16 |       0 |   0.0 |      10 |       0 |   0.0
        D:2 |      48 |       0 |   0.0 |      21 |       0 |   0.0
        D:3 |      27 |       0 |   0.0 |      11 |       0 |   0.0
        D:4 |     345 |     196 |  36.2 |      19 |       1 |   5.0
        D:5 |     702 |       0 |   0.0 |      26 |       0 |   0.0
        D:6 |     707 |     501 |  41.5 |      24 |       3 |  11.1
        D:7 |    1361 |     118 |   8.0 |      26 |       1 |   3.7
        D:8 |     411 |     147 |  26.3 |       8 |       1 |  11.1
        D:9 |    2321 |     855 |  26.9 |      21 |       2 |   8.7
       D:10 |    1877 |    1242 |  39.8 |      19 |       2 |   9.5
       D:11 |    4336 |       0 |   0.0 |      36 |       0 |   0.0
       D:12 |    5194 |     893 |  14.7 |      40 |      13 |  24.5
       D:13 |   10484 |    1995 |  16.0 |      45 |       5 |  10.0
       D:14 |    9194 |     203 |   2.2 |      35 |       9 |  20.5
       D:15 |    4285 |    4058 |  48.6 |       8 |       8 |  50.0
     Lair:1 |    3184 |       0 |   0.0 |      16 |       0 |   0.0
     Lair:2 |    3964 |    1177 |  22.9 |      19 |       7 |  26.9
     Lair:3 |    3138 |       0 |   0.0 |      13 |       0 |   0.0
     Lair:4 |    3765 |     443 |  10.5 |      14 |       2 |  12.5
     Lair:5 |    7265 |    1311 |  15.3 |      29 |       3 |   9.4
     Lair:6 |   10547 |    6459 |  38.0 |      49 |      27 |  35.5
    Swamp:1 |   10609 |     423 |   3.8 |      38 |       2 |   5.0
    Swamp:2 |    8641 |       0 |   0.0 |      36 |       0 |   0.0
    Swamp:3 |    1347 |       0 |   0.0 |       8 |       0 |   0.0
   Spider:1 |     580 |       0 |   0.0 |       1 |       0 |   0.0
      Orc:1 |    2242 |     535 |  19.3 |      32 |       3 |   8.6
      Orc:2 |    2595 |   12952 |  83.3 |      35 |      34 |  49.3
            +---------+---------+-------+---------+---------+-------
